AoeStats
← xxx

Pilgrims

510108475Analyzed
4v4 RM · 4d ago on Sep 29, 2026· 46m 58s· 8 players
Game mode
Random Map
Map size
Large (8 player)
Population
200
Speed
Normal
Resources
Standard
Victory
Conquest
Starting age
Dark Age
Ending age
Imperial Age
RankedLock teamsTeams togetherTeam positionsShared explorationLock speedFull tech treeHidden civsTurbo modeCheats
Victory
Defeat
🇯🇵 Danes · Japan
713
+13
710
+13
🇪🇸 Mongols · Spain
692
+14
🇨🇱 Teutons · Chile
659
+15
🇨🇱 Inca · Chile
1000
-110
🇨🇱 Huns · Chile
544
-10
🇨🇱 Saxons · Chile
530
-9
🇨🇱 Britons · Chile
530
-9
Minuro
9:42 Feudal Age
21:00 Loom
25:16 Double-Bit Axe
27:57 Wheelbarrow
27:09 Town Watch
27:26 Fishing Lines
37:41 Castle Age
36:33 Fletching
36:45 Padded Archer Armor
38:05 Elite Skirmisher
38:07 Crossbowman
39:09 Bodkin Arrow
40:40 Thumb Ring
40:53 Leather Archer Armor
40:58 Hand Cart
41:10 Town Patrol
41:40 Bow Saw
RuinMireia
6:25 Loom
17:37 Feudal Age
22:15 Fletching
27:46 Castle Age
31:25 Castle Age
32:02 Bodkin Arrow
35:02 Stone Mining
47:40 Redemption
mfuentesk
7:15 Loom
13:56 Feudal Age
15:34 Wheelbarrow
14:48 Double-Bit Axe
14:50 Horse Collar
17:09 Fishing Lines
17:24 Gold Mining
17:19 Man-at-Arms
18:49 Stone Mining
31:35 Castle Age
31:58 Bloodlines
32:42 Hand Cart
32:40 Bow Saw
32:33 Heavy Plow
33:16 Stone Shaft Mining
32:59 Pikeman
33:40 Squires
33:02 Long Swordsman
45:06 Imperial Age
45:34 Scale Barding Armor
45:31 Cavalier
46:39 Two-Handed Swordsman
47:06 Gambesons
打死你们这些外国人
4:20 Loom
13:45 Feudal Age
14:11 Double-Bit Axe
14:30 Fishing Lines
17:18 Wheelbarrow
16:42 Stone Mining
20:16 Gold Mining
23:42 Castle Age
23:39 Town Watch
25:56 Gillnets
26:17 Medium Warships
28:21 Bow Saw
28:06 Fletching
28:28 Forging
28:24 Scale Barding Armor
28:11 Vendel Legacy
30:02 Hand Cart
30:44 Stone Shaft Mining
30:17 Bodkin Arrow
36:04 Town Patrol
36:35 Husbandry
36:46 Bloodlines
36:32 Treadmill Crane
37:13 Ballistics
38:55 Iron Casting
38:41 Chain Barding Armor
40:02 Fervor
43:45 Imperial Age
44:30 Bracer
45:31 Blast Furnace
46:18 Plate Barding Armor
46:10 Conscription
Danphont
12:45 Feudal Age
12:54 Man-at-Arms
15:37 Horse Collar
18:42 Double-Bit Axe
23:36 Arson
24:40 Fishing Lines
32:45 Scale Mail Armor
33:15 Forging
Chupalla
16:05 Feudal Age
15:35 Loom
16:36 Double-Bit Axe
28:10 Horse Collar
29:17 Padded Archer Armor
30:49 Fletching
31:58 Forging
31:50 Scale Mail Armor
41:06 Castle Age
41:40 Elite Skirmisher
42:35 Pikeman
Snow Mun
15:19 Feudal Age
25:10 Fishing Lines
33:07 Castle Age
33:57 Loom
36:10 Padded Archer Armor
36:01 Fletching
36:28 Scale Barding Armor
36:24 Scale Mail Armor
36:35 Forging
43:52 Ballistics
43:56 Chain Barding Armor
43:52 Chain Mail Armor
44:13 Iron Casting
47:06 Husbandry
xxx
8:39 Loom
14:15 Feudal Age
18:49 Arson
23:11 Arson
25:43 Wheelbarrow
26:25 Horse Collar
26:35 Double-Bit Axe
31:43 Champi Runner
37:45 Scale Mail Armor
37:56 Forging
43:35 Castle Age
43:48 Pikeman
44:33 Squires
44:09 Champi Warrior
45:14 Guard Tower
45:07 Elite Skirmisher
Connection lost

Rejoining the realm…

Still unreachable

The connection could not be restored.

Session expired

The server has moved on; the page needs a fresh start.